 Dungeon Crawl Stone Soup version 0.30-a0-458-g86641cc369 (webtiles) character file.

Game seed: 14780192688568795453

266369 zishaf the Warrior (level 20, -16/162 HPs)
             Began as a Djinni Venom Mage on Dec 13, 2022.
             Was the Champion of Makhleb.
             Killed from afar by a deep elf sorcerer (22 damage)
             ... with a bolt of acid
             ... on level 5 of the Abyss on Dec 14, 2022.
             The game lasted 01:55:43 (55023 turns).

zishaf the Warrior (Djinni Venom Mage)             Turns: 55023, Time: 01:55:44

Health: -16/162    AC: 18    Str:  1      XL:     20   Next: 93%
Gold:   3387       EV: 13    Int: 29 (31) God:    Makhleb [******] SH: 18 Dex: 13

rFire   + + +      SeeInvis .    b - staff of poison
rCold   . . .      Faith    .    D - +2 kite shield {AC+3}
rNeg    + + .      Spirit   .    T - +2 robe {rC+ rF+}
rPois   ∞          Reflect  +    x - +2 helmet "Lias Cio" {Will+ MP+9 Str-4}
rElec   .          Harm     .    u - +0 cloak
rCorr   .          Rampage  .    a - +1 pair of gloves of Cusixen {rN++ Str+2}
Will    +++..                    (boots unavailable)
Stlth   ++........               r - amulet of reflection
HPRegen 0.47/turn                B - +6 ring of intelligence
MPRegen 0.00/turn                H - +4 ring of protection

@: flying
A: sickness immunity, fire resistance 2, cold vulnerability 1, float, innate
caster, HP casting, extra vitality 1, screaming 1, shaggy fur 1, [clumsy 1],
[weak 2]
}: 2/15 runes: serpentine, barnacled
a: Renounce Religion, Minor Destruction, Lesser Servant of Makhleb, Major
Destruction, Greater Servant of Makhleb


You were on level 5 of the Abyss.
You worshipped Makhleb.
Makhleb was exalted by your worship.
You visited 6 branches of the dungeon, and saw 31 of its levels.
You visited the Abyss 1 time.
You also visited: Gauntlet and Volcano.

You collected 4283 gold pieces.
You spent 896 gold pieces at shops.

Inventory:

Hand Weapons
 N - the +6 rapier "Atiap" {vamp, Drain rF+ rC+++ Dex+2}
   (You took it off a spriggan on level 5 of the Lair of Beasts)

   It occasionally heals its wielder for a portion of the damage dealt when it
   wounds a living foe.
   Dex:       It affects your dexterity (+2).
   rF:        It protects you from fire.
   rC:        It renders you almost immune to cold.
   Drain:     It drains your maximum health when unequipped.
 S - a +3 broad axe of flaming
Missiles
 V - a throwing net
Armour
 a - the +1 pair of gloves of Cusixen (worn) {rN++ Str+2}
   (You found it on level 4 of the Shoals)

   Str:       It affects your strength (+2).
   rN:        It greatly protects you from negative energy.
 u - a +0 cloak (worn)
 x - the +2 helmet "Lias Cio" (worn) {Will+ MP+9 Str-4}
   (You bought it in a shop on level 7 of the Dungeon)

   Str:       It affects your strength (-4).
   MP:        It affects your magic capacity (+9).
   Will:      It increases your willpower.
 C - a +2 tower shield of poison resistance
 D - a +2 kite shield of protection (worn)
 T - a +2 robe of resistance (worn)
Magical Staves
 b - a staff of poison (weapon)
 g - a staff of air
Jewellery
 c - a ring of fire
 n - an amulet of regeneration
 r - an amulet of reflection (around neck)
 B - a +6 ring of intelligence (left hand)
 H - a +4 ring of protection (right hand)
 J - a ring of see invisible
Wands
 e - a wand of flame (57)
 v - a wand of mindburst (20)
 y - a wand of charming (15)
 E - a wand of digging (10)
 F - a wand of quicksilver (3)
 G - a wand of iceblast (16)
Scrolls
 d - 2 scrolls of silence
 f - 29 scrolls of identify
 l - 2 scrolls of fog
 o - 6 scrolls of enchant weapon
 s - 5 scrolls of poison
 t - 2 scrolls of fear
 K - 4 scrolls of enchant armour
 W - 5 scrolls of magic mapping
 X - a scroll of brand weapon
Potions
 h - a potion of curing
 j - 5 potions of brilliance
 p - 5 potions of lignification
 q - 3 potions of berserk rage
 z - 2 potions of cancellation
 A - 6 potions of mutation
 I - 3 potions of haste
 M - 3 potions of might
 Q - 4 potions of resistance
 Z - 4 potions of invisibility
Miscellaneous
 i - a phantom mirror (inert)
 L - a lightning rod (4/4)
 P - a condenser vane (inert)


   Skills:
 + Level 19.9 Fighting
 - Level 6.0 Dodging
 - Level 1.5 Stealth
 - Level 11.0 Shields
 + Level 15.5 Spellcasting
 + Level 18.1 Invocations
 - Level 8.0 Evocations


You had 2 spell levels left.
You knew the following spells:

 Your Spells              Type           Power      Damage    Failure   Level
a - Sting                 Tmut/Pois      100%       1d8       0%          1
b - Poisonous Vapours     Pois/Air       100%       N/A       0%          2
c - Stone Arrow           Conj/Erth      100%       3d13      1%          3
d - Shock                 Conj/Air       100%       1d9       0%          1
e - Yara's Violent Unrav  Hex/Tmut       42%        3d17      1%          5
f - Silence               Hex/Air        42%        N/A       1%          5
g - Confusing Touch       Hex            85%        N/A       1%          3
z - Mephitic Cloud        Conj/Pois/Air  100%       N/A       1%          3
A - Olgreb's Toxic Radia  Pois           100%       N/A       1%          4
B - Conjure Ball Lightni  Conj/Air       42%        3x3d15    1%          6
C - Summon Cactus Giant   Summ           42%        N/A       1%          6
D - Ozocubu's Refrigerat  Ice            42%        4d16      7%          7
E - Blink                 Tloc           100%       N/A       0%          2
Your spell library was empty.

Dungeon Overview and Level Annotations

Branches:
Dungeon (15/15)            Temple (1/1) D:6            Lair (5/5) D:8
 Shoals (4/4) Lair:3        Snake (4/4) Lair:2        Slime (0/5) Lair:5
    Orc (2/2) D:11            Elf (0/3) Orc:2        Vaults (0/5) D:13
 Depths (0/4) D:15        Volcano (visited)         Gauntlet (visited)

Altars:
Ashenzari
Cheibriados
Dithmenos
Elyvilon
Fedhas
Gozag
Hepliaklqana
Makhleb
Nemelex Xobeh
Okawaru
Qazlal
Ru
Trog
Uskayaw
Wu Jian
Xom
Yredelemnul
Zin
The Shining One
Jiyva
Lugonu

Shops:
D:1 !   D:7 [   D:10 *   Orc:2 =:?((   Snake:1 (

Portals:
Abyss: D:10 Lair:5

Annotations:
D:9 exclusion: upstairs
Shoals:2 lotum's ghost, journeyman GrEE
Shoals:3 3 runed translucent doors, exclusion: obsidian statue, Mil Mal Serr's ghost, adept MiFi


Innate Abilities, Weirdness & Mutations

You are immune to sickness and miasma.
You are immune to poison.
Your flesh is very heat resistant. (rF++)
You are vulnerable to cold. (rC-)
You float through the air rather than walking.
You learn spells naturally, not from books.
Your magical power is your life essence.
You have superior vitality. (+4 MHP)
You occasionally shout uncontrollably at your foes.
You are covered in fur. (AC +1)
[You are clumsy. (Dex -2)]
[You are very weak. (Str -4)]


Message History

You block the flying skull's attack.
The flying skull attacks as you move away!
You block the flying skull's attack.
Found a gateway leading out of the Abyss.
The flying skull barely misses you.
The deep elf sorcerer becomes larger for a moment.
As you read the scroll of fear, it crumbles to dust.
You assume a fearsome visage.
The raiju looks frightened!
The ancient zyme is unaffected.
The flying skull is unaffected. x2
The deep elf sorcerer easily resists.
The apocalypse crab looks frightened!
You block the deep elf sorcerer's attack.
You block the flying skull's attack.
You block the deep elf sorcerer's attack.
You block the ancient zyme's attack.
The ancient zyme hits you but does no damage.
You block the flying skull's attack.
As you read the scroll of fear, it crumbles to dust.
You assume a fearsome visage.
The chaos spawn looks frightened!
The chaos spawn barks!
The ancient zyme is unaffected.
The hell knight looks frightened!
The large abomination is unaffected.
The flying skull is unaffected. x2
The deep elf sorcerer resists with almost no effort.
The hell knight prays to its god.
The hell knight blinks!
The deep elf sorcerer gestures at you while chanting.
You resist with almost no effort. You block the flying skull's attack.
The hell knight utters an invocation to its god.
The hell knight blinks!
You block the ancient zyme's attack. x2
The flying skull closely misses you.
You block the deep elf sorcerer's attack.
A starcursed mass comes into view.
A starcursed mass splits.
The deep elf sorcerer wildly gestures.
You feel disoriented.
The deep elf sorcerer attacks as you move away!
The deep elf sorcerer hits you with a +0 short sword.
* * * LOW HITPOINT WARNING * * *
The deep elf sorcerer gestures at you while chanting.
The bolt of acid hits you!!
You die...

##. ### ... #..#. . #
#..###...##.#### ..
#.#.#..##..#..####
#.###.#....##...##.4.
##..................
#...x..............
#∩@.ez...X......X..
#......#z....#.....#..
##....###X..###...## .
###...#.....#.z...#..
#.X................
...X............. .
##..................
....#.....#.... #. #..
##...###.t.###.


You could see 2 starcursed masses, a deep elf sorcerer (fast), an ancient zyme,
a large abomination and 2 flying skulls.

Vanquished Creatures
  Rupert (Lair:5)
  Polyphemus (Shoals:4)
  The ghost of MakMorn the Geomancer, a journeyman AtEE of Sif Muna (Snake:2)
  2 krakens
  Kirke (Snake:2)
  Roxanne (Snake:4)
  18 nagarajas
  A frost giant (shapeshifter) (Lair:5)
  A frost giant (Shoals:4)
  3 very ugly things (Abyss:5)
  A caustic shrike skeleton (Abyss:3)
  Azrael (Snake:1)
  A bunyip (Abyss:5)
  A minotaur (Gauntlet)
  An ettin (D:15)
  Snorg (Orc:2)
  5 merfolk impalers
  Josephine (D:12)
  A yaktaur captain (D:15)
  3 merfolk javelineers
  4 vault guards (D:13)
  4 hydras
  3 salamander tyrants
  9 anacondas
  2 ogre magi (Orc:2)
  3 boulder beetles
  4 catoblepae
  An alligator (Shoals:4)
  An alligator snapping turtle (Shoals:3)
  6 two-headed ogres
  4 centaur warriors
  15 naga warriors
  3 merfolk aquamancers
  4 satyrs
  3 tengu warriors
  2 merfolk avatars
  10 death yaks
  21 naga sharpshooters
  2 thrashing horrors (Lair:5)
  Nergalle (Lair:1)
  A hell knight (Volcano)
  6 shock serpents
  A wretched star (Abyss:5)
  3 salamander mystics
  Sonja (D:12)
  A sun demon (Abyss:5)
  11 skeletal warriors
  3 starcursed masses (Abyss:5)
  Lodul (D:11)
  3 wizards
  13 sea snakes
  A lindwurm (Lair:4)
  10 naga ritualists
  Pikel (D:9)
  21 harpies
  2 deep elf pyromancers
  12 mana vipers
  A phantasmal warrior (D:15)
  A wolf spider (D:15)
  12 orc sorcerers
  2 orc knights
  An oklob plant (Lair:3)
  12 ugly things
  15 manticores
  25 fauns
  A stone giant zombie (Abyss:5)
  5 cyclopes
  A salamander (shapeshifter) (Lair:5)
  An elephant (shapeshifter) (D:15)
  10 salamanders
  5 merfolk sirens
  21 elephants
  A worldbinder (Abyss:5)
  Maurice (Orc:1)
  5 guardian serpents (Snake:4)
  46 black mambas
  18 naga magi
  9 cane toads
  A water nymph (shapeshifter) (D:15)
  2 water nymphs
  3 gargoyles
  3 smoke demons
  2 yaktaurs (Volcano)
  2 rime drakes
  3 unseen horrors
  5 komodo dragons
  Maggie (Lair:1)
  A rime drake (shapeshifter) (Lair:5)
  A tormentor (Abyss:3)
  A tengu conjurer (D:15)
  A hellwing (Abyss:3)
  2 ancient zymes (Lair:5)
  11 trolls
  21 merfolk
  5 polar bears
  6 wind drakes
  Grinder (D:5)
  23 blink frogs
  17 dream sheep
  6 raiju
  5 snapping turtles
  8 slime creatures
  4 flying skulls
  Sigmund (D:6)
  An air elemental (Abyss:5)
  A ynoxinul (Abyss:3)
  5 wyverns
  4 shadows
  2 spriggans (Lair:5)
  6 wraiths
  13 water elementals
  5 hogs (Snake:2)
  6 basilisks
  3 chaos spawn (Lair:5)
  A nameless horror (Shoals:2)
  37 yaks
  Grum (D:11)
  3 fire elementals (Snake:1)
  5 vampire mosquitoes
  3 neqoxecs
  5 acid dragons
  6 wargs
  43 nagas
  6 large abominations
  A meliai simulacrum (D:14)
  Edmund (D:5)
  4 hell hounds (Snake:1)
  12 water moccasins
  A floating eye (shapeshifter) (D:13)
  2 ice beasts
  21 orc warriors
  A sky beast (D:4)
  2 black bears
  15 ogres
  9 centaurs
  12 wolves
  4 phantoms
  6 kobold brigands
  13 bullfrogs
  5 scorpions
  17 small abominations
  2 necrophages
  5 wights (D:6)
  10 killer bees (D:8)
  4 howler monkeys
  7 electric eels
  A crimson imp (Gauntlet)
  A lava snake (Lair:1)
  3 hounds
  23 orc priests
  Crazy Yiuf (D:6)
  2 gnoll boudas
  3 jellies
  Jessica (D:3)
  Natasha (thrice) (D:3)
  4 iguanas
  5 hell rats (Lair:3)
  40 orc wizards
  6 ogre zombies (D:11)
  15 gnolls
  6 adders
  4 shadow imps
  4 white imps
  2 ufetubi
  A worm (D:2)
  A dart slug (D:3)
  84 orcs
  6 ball pythons
  9 endoplasms
  4 giant cockroaches
  5 goblins
  14 hobgoblins
  37 kobolds
  A quokka (D:1)
  9 bats
  3 frilled lizards
  4 goblin skeletons (D:11)
  3 goblin zombies (D:11)
  A hobgoblin skeleton (D:11)
  A hobgoblin zombie (D:11)
  2 orc skeletons (D:11)
  8 orc zombies (D:11)
  4 rats
  A tentacle (Shoals:4)
1200 creatures vanquished.

Vanquished Creatures (collateral kills)
  Vashnia (Snake:3)
  An Executioner (Abyss:3)
  Frances (D:14)
  Louise (D:14)
  An ophan (Abyss:3)
  The ghost of indyram44 the Protected, a journeyman DsFi of Makhleb (D:10)
  A naga warrior (Snake:2)
  3 naga sharpshooters (Snake:3)
  A skeletal warrior (D:10)
  2 harpies (Shoals:2)
  A salamander (Snake:2)
  An oklob plant (Lair:5)
  A guardian serpent (Snake:4)
  A toenail golem (D:10)
  A naga mage (Snake:2)
  2 smoke demons
  A hellwing (Abyss:3)
  An ancient zyme (D:10)
  4 large abominations
  A red devil (Gauntlet)
  A merfolk (Shoals:2)
  A flying skull (Abyss:5)
  A basilisk (Lair:5)
  2 small abominations
  2 nagas (Snake:2)
  3 crimson imps (Gauntlet)
  A shadow imp (Gauntlet)
  4 ball lightnings
42 creatures vanquished.

Vanquished Creatures (others)
  A merfolk aquamancer (Shoals:2)
  A wizard (D:6)
  A manticore (Shoals:2)
  A naga (Snake:2)
  A hell hound (Snake:1)
  24 ball lightnings
  3 bushes (Lair:5)
  26 demonic plants
  33 fungi
  90 plants
  11 tentacles
  4 withered plants (Gauntlet)
196 creatures vanquished.

Grand Total: 1438 creatures vanquished

Notes
Turn   | Place    | Note
-------+----------+-------------------------------------------
     0 | D:1      | zishaf the Djinni Venom Mage began the quest for the Orb.
     0 | D:1      | zishaf set off with the following spells memorised: Sting,
                  | Poisonous Vapours, Mephitic Cloud, Olgreb's Toxic Radiance.
     0 | D:1      | Reached XP level 1. HP: 15/15 MP: 0/0
   142 | D:1      | Reached skill level 1 in Fighting
   142 | D:1      | Reached XP level 2. HP: 16/22 MP: 0/0
   412 | D:1      | Found a faded altar of an unknown god.
   499 | D:1      | Found Loptuy Utea's Distillery.
   502 | D:1      | Bought a potion of curing for 33 gold pieces
   676 | D:1      | Reached XP level 3. HP: 23/27 MP: 0/0
   676 | D:1      | Learned a level 1 spell: Shock
   952 | D:2      | Reached skill level 2 in Fighting
  1114 | D:2      | Reached XP level 4. HP: 33/33 MP: 0/0
  1394 | D:1      | Bought a potion of heal wounds for 55 gold pieces
  1627 | D:3      | Noticed Jessica
  1928 | D:3      | Killed Jessica
  1929 | D:3      | Reached skill level 1 in Shields
  1929 | D:3      | Reached XP level 5. HP: 9/39 MP: 0/0
  1929 | D:3      | Learned a level 2 spell: Blink
  2221 | D:3      | Noticed Natasha
  2225 | D:3      | Killed Natasha
  2226 | D:3      | Reached skill level 3 in Fighting
  2289 | D:1      | Bought a potion of mutation for 88 gold pieces
  2289 | D:1      | Gained mutation: [You are clumsy. (Dex -2)] [potion of
                  | mutation]
  2289 | D:1      | Gained mutation: You passively dampen the noise of your
                  | surroundings. [potion of mutation]
  2290 | D:1      | Lost mutation: [You are clumsy. (Dex -2)] [potion of
                  | mutation]
  2290 | D:1      | Lost mutation: You passively dampen the noise of your
                  | surroundings. [potion of mutation]
  2290 | D:1      | Gained mutation: You have very sharp teeth. [potion of
                  | mutation]
  2290 | D:1      | Gained mutation: Your spells are a little easier to cast,
                  | but a little less powerful. [potion of mutation]
  2291 | D:1      | Lost mutation: Your spells are a little easier to cast, but
                  | a little less powerful. [potion of mutation]
  2291 | D:1      | Lost mutation: You have very sharp teeth. [potion of
                  | mutation]
  2291 | D:1      | Gained mutation: You are covered in fur. (AC +1) [potion of
                  | mutation]
  2353 | D:3      | Noticed Natasha
  2358 | D:3      | Killed Natasha
  2363 | D:3      | Reached XP level 6. HP: 28/46 MP: 0/0
  2520 | D:3      | Found an ornate altar of the Wu Jian Council.
  2553 | D:3      | Noticed Natasha
  2557 | D:3      | Killed Natasha
  2725 | D:4      | Noticed a black bear
  2727 | D:4      | Noticed a sky beast
  2898 | D:4      | Found an opulent altar of Gozag.
  3035 | D:4      | Killed a sky beast
  3036 | D:4      | Reached skill level 4 in Fighting
  3036 | D:4      | Reached XP level 7. HP: 39/52 MP: 0/0
  3036 | D:4      | Learned a level 3 spell: Stone Arrow
  3491 | D:4      | Reached XP level 8. HP: 34/58 MP: 0/0
  3755 | D:5      | Entered Level 5 of the Dungeon
  3774 | D:5      | Found a snail-covered altar of Cheibriados.
  3775 | D:5      | Found a sparkling altar of Nemelex Xobeh.
  3867 | D:5      | Reached skill level 5 in Fighting
  4053 | D:5      | Noticed Edmund
  4065 | D:5      | Killed Edmund
  4098 | D:5      | Found a shimmering altar of Xom.
  4173 | D:5      | Noticed Grinder
  4182 | D:5      | Paralysed by Grinder for 2 turns
  4184 | D:5      | Killed Grinder
  4185 | D:5      | Reached skill level 6 in Fighting
  4185 | D:5      | Reached skill level 5 in Shields
  4185 | D:5      | Reached skill level 5 in Spellcasting
  4412 | D:5      | Found a shadowy altar of Dithmenos.
  4443 | D:5      | Found a blossoming altar of Fedhas.
  4561 | D:6      | Reached XP level 9. HP: 51/66 MP: 0/0
  4561 | D:6      | Learned a level 3 spell: Confusing Touch
  4684 | D:6      | Noticed Sigmund
  4691 | D:6      | Killed Sigmund
  4935 | D:6      | Reached skill level 7 in Fighting
  5438 | D:6      | Identified the +11 mace "Epseheci" {vorpal, rPois rC- Str+5
                  | Int+4}
  5507 | D:6      | Found a bloodstained altar of Trog.
  5516 | D:6      | Noticed a wizard
  5521 | D:6      | Killed a wizard
  5579 | D:6      | Reached XP level 10. HP: 75/76 MP: 0/0
  5619 | D:6      | Found a staircase to the Ecumenical Temple.
  5668 | Temple   | Entered the Ecumenical Temple
  5825 | Temple   | Became a worshipper of Makhleb the Destroyer
  5926 | D:6      | Reached skill level 8 in Fighting
  5927 | D:6      | Reached skill level 1 in Invocations
  6340 | D:6      | Found a runed translucent door.
  6346 | D:6      | Noticed Crazy Yiuf
  6354 | D:6      | Killed Crazy Yiuf
  7310 | D:7      | Found Hibbicoc's Antique Armour Shop.
  7315 | D:7      | Bought an encrusted helmet for 285 gold pieces
  7315 | D:7      | Identified the +2 helmet "Lias Cio" {Will+ MP+9 Str-4} (You
                  | bought it in a shop on level 7 of the Dungeon)
  7521 | D:8      | Reached * piety under Makhleb
  7540 | D:8      | Noticed an elephant
  7672 | D:8      | Found a hazy altar of Hepliaklqana.
  8119 | D:8      | Identified the +7 sling of Heefepa {speed, rPois rN++ MP-9}
  8227 | D:8      | Found a staircase to the Lair.
  8249 | D:8      | Killed an elephant
  8250 | D:8      | Reached skill level 9 in Fighting
  8250 | D:8      | Reached XP level 11. HP: 78/84 MP: 0/0
  8250 | D:8      | Learned a level 5 spell: Yara's Violent Unravelling
  8356 | D:8      | Found a transporter.
  8370 | D:8      | Found a hide-covered altar of Uskayaw.
  8522 | D:8      | Found a transporter.
  8983 | D:9      | Found a basalt altar of Yredelemnul.
  9053 | D:9      | Noticed Pikel
  9059 | D:9      | Killed Pikel
  9060 | D:9      | Reached skill level 5 in Invocations
  9095 | D:9      | Noticed a two-headed ogre
  9108 | D:9      | Killed a two-headed ogre
  9313 | D:10     | Entered Level 10 of the Dungeon
  9316 | D:10     | Reached ** piety under Makhleb
  9608 | D:10     | Found a transporter.
  9609 | D:10     | Noticed a skeletal warrior
  9610 | D:10     | Found a transporter.
  9611 | D:10     | Found a one-way gate to the infinite horrors of the Abyss.
  9611 | D:10     | Noticed indyram44's ghost (journeyman DsFi)
  9684 | D:10     | Found Yfaow's Fire Supplies.
  9807 | D:10     | Noticed a two-headed ogre
  9813 | D:10     | Killed a two-headed ogre
  9814 | D:10     | Reached skill level 10 in Fighting
 10123 | D:10     | Noticed a toenail golem
 10219 | D:10     | Noticed a large abomination
 10562 | D:11     | Noticed a cyclops
 10570 | D:11     | Killed a cyclops
 10604 | D:11     | Noticed Grum
 10622 | D:11     | Killed Grum
 10685 | D:11     | Noticed a two-headed ogre
 10690 | D:11     | Killed a two-headed ogre
 10721 | D:11     | Noticed Lodul
 10734 | D:11     | Reached XP level 12. HP: 42/92 MP: 0/0
 10738 | D:11     | Killed Lodul
 11060 | D:11     | Found a staircase to the Orcish Mines.
 11084 | D:11     | Reached *** piety under Makhleb
 11561 | D:11     | Reached skill level 11 in Fighting
 11725 | D:11     | Noticed a two-headed ogre
 11731 | D:11     | Killed a two-headed ogre
 11868 | D:11     | Noticed a tengu warrior
 11869 | D:11     | Noticed a skeletal warrior
 11906 | D:11     | Noticed a two-headed ogre
 11914 | D:11     | Killed a two-headed ogre
 12001 | D:11     | Killed a skeletal warrior
 12085 | D:11     | Killed a tengu warrior
 12088 | D:11     | Identified the +6 war axe "Lifebane" {vorpal, Str+4}
 12643 | Lair:1   | Entered Level 1 of the Lair of Beasts
 12644 | Lair:1   | Upgraded the game from 0.30-a0-457-g4b7bca3bfa to
                  | 0.30-a0-458-g86641cc369
 12649 | Lair:1   | Noticed Maggie
 12659 | Lair:1   | Killed Maggie
 12659 | Lair:1   | Reached **** piety under Makhleb
 12885 | Lair:1   | You are sucked into a shaft and drop 1 floor!
 13043 | Lair:1   | Noticed a catoblepas
 13058 | Lair:1   | Killed a catoblepas
 13059 | Lair:1   | Reached skill level 12 in Fighting
 13059 | Lair:1   | Reached XP level 13. HP: 71/101 MP: 0/0
 13059 | Lair:1   | Learned a level 5 spell: Silence
 13063 | Lair:1   | Noticed Nergalle
 13070 | Lair:1   | Killed Nergalle
 13792 | Lair:2   | Reached skill level 10 in Spellcasting
 13912 | Lair:2   | Reached skill level 10 in Invocations
 14182 | Lair:2   | Found a staircase to the Snake Pit.
 14667 | Lair:3   | Found a staircase to the Shoals.
 14744 | Lair:3   | Reached ***** piety under Makhleb
 14745 | Lair:3   | Reached skill level 13 in Fighting
 14925 | Lair:3   | Noticed a catoblepas
 14927 | Lair:3   | Noticed a four-headed hydra
 15446 | Lair:3   | Killed a catoblepas
 15616 | Lair:3   | Killed a four-headed hydra
 15617 | Lair:3   | Reached XP level 14. HP: 110/110 MP: 0/0
 17030 | Lair:4   | Reached skill level 1 in Evocations
 17033 | Lair:4   | Reached skill level 14 in Fighting
 17475 | Lair:5   | Entered Level 5 of the Lair of Beasts
 17516 | Lair:5   | Noticed Rupert
 17525 | Lair:5   | Killed Rupert
 18088 | Lair:5   | Reached ****** piety under Makhleb
 18088 | Lair:5   | Identified the +6 rapier "Atiap" {vamp, Drain rF+ rC+++
                  | Dex+2}
 18089 | Lair:5   | Reached XP level 15. HP: 116/118 MP: 0/0
 18089 | Lair:5   | Learned a level 6 spell: Summon Cactus Giant
 18336 | Lair:5   | Found a staircase to the Slime Pits.
 18336 | Lair:5   | Found a viscous altar of Jiyva.
 18728 | Lair:5   | Reached skill level 15 in Fighting
 19403 | Lair:5   | Noticed an azure jelly
 20086 | Lair:5   | Noticed a frost giant
 20087 | Lair:5   | Found a corrupted altar of Lugonu.
 20092 | Lair:5   | Killed a frost giant
 20485 | Lair:5   | Found a viscous altar of Jiyva.
 20485 | Lair:5   | Found a staircase to the Slime Pits.
 21178 | Lair:5   | Found a staircase to the Slime Pits.
 21179 | Lair:5   | Found a viscous altar of Jiyva.
 21641 | Lair:5   | Found a corrupted altar of Lugonu.
 21975 | D:12     | Identified the +11 falchion "Jayc Qer" {holy, Str+2}
 21991 | D:12     | Reached skill level 5 in Evocations
 22015 | D:12     | Found a gate leading to a gauntlet.
 22024 | Gauntlet | Entered a Gauntlet
 22024 | Gauntlet | Found a transporter.
 22024 | Gauntlet | Found a transporter.
 22220 | Gauntlet | Found a transporter.
 22237 | Gauntlet | Found a transporter.
 22237 | Gauntlet | Found a transporter.
 22238 | Gauntlet | Found the +3 pair of mountain boots {steadfast, rC+}
 22239 | Gauntlet | Found a transporter.
 22240 | Gauntlet | Found a transporter.
 22240 | Gauntlet | Found a transporter.
 22257 | Gauntlet | Found a transporter.
 22268 | Gauntlet | Found a transporter.
 22278 | Gauntlet | Found a transporter.
 22292 | Gauntlet | Found a transporter.
 22313 | Gauntlet | Found a transporter.
 22325 | Gauntlet | Found a transporter.
 22704 | Gauntlet | Identified the amulet "Bobbod Uhaux" {RegenMP Fly Int+3}
 22760 | Gauntlet | Identified the +10 halberd of Dismemberment {venom, rF+}
 22778 | Gauntlet | Identified the ring "Xeic" {rC- rCorr Int+2 Stlth+}
 22778 | Gauntlet | Identified the +8 long sword of Qiazi {freeze, *Slow rPois
                  | Str+5 Dex+3}
 22884 | D:12     | Noticed Sonja
 22889 | D:12     | Killed Sonja
 23041 | D:12     | Identified the +5 robe of the Bulwark {*Slow Will++ MP+9}
 23228 | D:12     | Noticed Josephine
 23234 | D:12     | Killed Josephine
 23662 | D:12     | Found a bloodstained altar of Trog.
 24185 | D:13     | Identified a scroll of acquirement
 24186 | D:13     | Acquired 738 gold pieces
 24342 | D:13     | Found an iron altar of Okawaru.
 24481 | D:13     | Reached skill level 5 in Dodging
 24483 | D:13     | Paralysed by a floating eye for 4 turns
 24499 | D:13     | Reached XP level 16. HP: 66/126 MP: 0/0
 24560 | D:13     | Found a gate to the Vaults.
 24887 | D:14     | Noticed Louise
 24902 | D:14     | Killed Louise
 24997 | D:14     | Noticed Frances
 25027 | D:14     | Killed Frances
 25321 | D:14     | Found a shadowy altar of Dithmenos.
 25425 | D:14     | Identified the +7 shortbow of Famine {freeze, Str+4 Dex+2}
 25916 | Orc:1    | Entered Level 1 of the Orcish Mines
 25918 | Orc:1    | Noticed Maurice
 25933 | Orc:1    | Killed Maurice
 25949 | Orc:1    | Found a dark tunnel.
 26026 | Volcano  | Entered a volcano
 26073 | Volcano  | Found a burning altar of Makhleb.
 26638 | Orc:2    | Entered Level 2 of the Orcish Mines
 26655 | Orc:2    | Reached skill level 16 in Fighting
 27136 | Orc:2    | Found Xattaze's Book Emporium.
 27196 | Orc:2    | Noticed Snorg
 27211 | Orc:2    | Killed Snorg
 27217 | Orc:2    | Found Peiq's Magic Scroll Shoppe.
 27227 | Orc:2    | Found Ixip's Antique Weapon Emporium.
 27230 | Orc:2    | Bought a scroll of blinking for 105 gold pieces
 27236 | Orc:2    | Found Kijuf's Antique Weapon Emporium.
 27447 | Orc:2    | Found Leikk's Jewellery Emporium.
 27498 | Orc:2    | Found a staircase to the Elven Halls.
 27766 | Orc:2    | Bought an amulet of reflection for 330 gold pieces
 27925 | D:15     | Entered Level 15 of the Dungeon
 28497 | D:15     | Identified the +9 short sword of Oenomania {vorpal, rF+
                  | Str+4}
 28681 | D:15     | Reached XP level 17. HP: 88/133 MP: 0/0
 28681 | D:15     | Learned a level 7 spell: Ozocubu's Refrigeration
 29497 | D:15     | Found a staircase to the Depths.
 29903 | Snake:1  | Entered Level 1 of the Snake Pit
 30945 | Snake:1  | Noticed Azrael
 30955 | Snake:1  | Killed Azrael
 31218 | Snake:1  | Found Vases's Weapon Emporium.
 31833 | Snake:1  | Reached skill level 10 in Shields
 33822 | Snake:2  | Reached skill level 17 in Fighting
 34628 | Snake:2  | Reached XP level 18. HP: 102/142 MP: 0/0
 35045 | Snake:2  | Found a runed translucent door.
 35047 | Snake:2  | Noticed MakMorn's ghost (journeyman AtEE)
 35073 | Snake:2  | Noticed Kirke
 35088 | Snake:2  | Killed Kirke
 36070 | D:10     | Killed indyram44's ghost
 36913 | Snake:3  | Noticed Vashnia
 37016 | Snake:3  | Reached skill level 15 in Invocations
 41244 | Snake:3  | Killed Vashnia
 41397 | Shoals:1 | Entered Level 1 of the Shoals
 41699 | Shoals:1 | Noticed a kraken
 41714 | Shoals:1 | Killed a kraken
 42503 | Shoals:1 | Reached skill level 18 in Fighting
 43126 | Shoals:2 | Reached XP level 19. HP: 61/150 MP: 0/0
 43126 | Shoals:2 | Learned a level 6 spell: Conjure Ball Lightning
 44149 | Shoals:2 | Found a runed translucent door.
 44149 | Shoals:2 | Found a shimmering altar of Xom.
 44149 | Shoals:2 | Noticed lotum's ghost (journeyman GrEE)
 44779 | Shoals:3 | Found a runed translucent gate.
 44779 | Shoals:3 | Found a runed translucent gate.
 44779 | Shoals:3 | Found a runed translucent gate.
 44790 | Shoals:3 | Found an opulent altar of Gozag.
 44791 | Shoals:3 | Noticed Mil Mal Serr's ghost (adept MiFi)
 45890 | Shoals:4 | Entered Level 4 of the Shoals
 46023 | Shoals:4 | Noticed Polyphemus
 46816 | Shoals:4 | Identified the +1 pair of gloves of Cusixen {rN++ Str+2}
 47640 | Shoals:4 | Killed Polyphemus
 48394 | Shoals:4 | Found the +3 pair of seven-league boots {Rampage+∞}
 49296 | Shoals:4 | Reached skill level 19 in Fighting
 49711 | Shoals:4 | Got a barnacled rune of Zot
 50065 | Snake:4  | Entered Level 4 of the Snake Pit
 50245 | Snake:4  | Reached XP level 20. HP: 127/160 MP: 0/0
 50569 | Snake:4  | Noticed Roxanne
 50589 | Snake:4  | Killed Roxanne
 51622 | Snake:4  | Reached skill level 15 in Spellcasting
 52473 | Snake:4  | Got a serpentine rune of Zot
 53697 | Snake:2  | Killed MakMorn's ghost
 53893 | Abyss:3  | Cast into level 3 of the Abyss (+2 lajatang of chaos)
 53895 | Abyss:3  | Found a corrupted altar of Lugonu.
 53919 | Abyss:3  | HP: 7/162 [caustic shrike skeleton (14)]
 54116 | Abyss:3  | Noticed a Hell Sentinel
 54128 | Abyss:3  | Gained mutation: You occasionally shout uncontrollably at
                  | your foes. [a neqoxec]
 54255 | Abyss:5  | Noticed a profane servitor
 54586 | Abyss:5  | Paralysed by an air elemental for 1 turns
 54590 | Abyss:5  | Paralysed by an air elemental for 1 turns
 54596 | Abyss:5  | Noticed a hellephant
 54675 | Abyss:5  | Noticed a bone dragon
 54819 | Abyss:5  | Found a corrupted altar of Lugonu.
 55009 | Abyss:5  | HP: 6/162 [deep elf sorcerer/+0 short sword (9)]
 55023 | Abyss:5  | HP: 6/162 [deep elf sorcerer/+0 short sword (6)]
 55023 | Abyss:5  | Killed from afar by a deep elf sorcerer

Illustrated notes

Levels and vault maps discovered:
D:1:      lemuel_arrival_tunnels, layout_basic, basic_ecumenical_altar,
          serial_shops, nicolae_shop_behind_doors, minmay_hedge_maze,
          kennysheep_pointless_box
D:2:      layout_basic, nicolae_kite_square_tiling_tiny, minmay_pentomino_r4
D:3:      layout_rooms, lemuel_crystal_altar, uniq_natasha, uniq_jessica
D:4:      layout_cave_pools, mainiacjoe_overflow_alcove_4,
          minmay_manual_monstrance
D:5:      layout_rooms, mainiacjoe_overflow_alcove_2,
          mainiacjoe_overflow_cross_hatched, lemuel_doored_altar,
          nicolae_overflow_two_pavilions, uniq_edmund, uniq_grinder
D:6:      kennysheep_housing_project, layout_rooms, trog_wizard,
          minmay_temple_entry_hall, uniq_sigmund, uniq_crazy_yiuf_cottage
D:7:      layout_loops_ring, serial_shops, shop_fountains
D:8:      gammafunk_steamed_eel, layout_rooms, overflow_temple_1_default,
          nicolae_overflow_hidden_temple, david_lair_generic
D:9:      layout_roguey, overflow_temple_1_default, uniq_pikel
D:10:     layout_layer_cave, gammafunk_ghost_abyssal_escape,
          nicolae_shop_fire_sale [nicolae_sub_dead_trees]
D:11:     layout_stronghold, zombieorc1_lemuel, minmay_mirror_moons_of_madness,
          uniq_grum, uniq_lodul
D:12:     layout_small_grid, gauntlet_entry_generic, david_defended_altar_orc,
          uniq_sonja, uniq_josephine
D:13:     layout_loops_ring, lightli_vaults_fourway_checkpoint, okawaru_trees_2
D:14:     layout_loops_ring, grunt_dithmenos_smoke_and_mirrors, uniq_frances,
          uniq_louise
D:15:     hangedman_depths_entry_try_elsewhere_first, layout_cave_pools,
          dispersion_dpeg
Temple:   nicolae_temple_bog_church
Lair:1:   layout_gridlike, disabler_island, grunt_megastairs_5, uniq_maggie,
          uniq_nergalle
Lair:2:   layout_regular_city, dummy_snake_entry
Lair:3:   layout_regular_city, shoals_dummy_entry, serial_bayou_shore_a
Lair:4:   layout_cave_pods
Lair:5:   hellmonk_lair_end_abyssal_woods, layout_regular_city, slime_entry_1,
          grunt_forest_large_clearing_hut, uniq_rupert
Shoals:1: layout_shoals
Shoals:2: layout_shoals, ebering_ghost_xom, nicolae_shoals_loop_pool
Shoals:3: layout_shoals, ebering_ghost_gozag
Shoals:4: shoals_end_grunt_ice, layout_shoals, nicolae_shoals_lost_giant_hut,
          nicolae_shoals_siren_and_animal_friends, uniq_polyphemus
Snake:1:  layout_grid_maze, serial_shops, shop, nicolae_snake_boneroom,
          uniq_azrael
Snake:2:  layout_cave_shapes, ebering_ghost_inner_flame, grunt_megastairs_1,
          uniq_kirke
Snake:3:  nicolae_sea_snake_s, layout_grid_maze, uniq_vashnia
Snake:4:  grunt_snake_rune_spirals, layout_onion, serial_bayou_pond_d,
          nicolae_coiled_stairwell_up, uniq_roxanne
Orc:1:    layout_caves, nicolae_volcano_entry_lava_flow, uniq_maurice
Orc:2:    kennysheep_orc_mage_school, layout_caves, statue_in_the_mist_lemuel,
          minmay_shop_enchanted_jewellery, nooodl_orcs_dogs, uniq_snorg
Abyss:5:  base: Snake:4, spicy_pingpong_abyss_rune, hangedman_abyss_shoalhut,
          hangedman_abyss_stitches_cave, hangedman_abyss_rune_macabre_mess,
          evilmike_abyss_exit_10, due_exit_kobolds,
          evilmike_nicolae_abyss_rune_betentacled_crabyss,
          spicy_abyss_pitcher_plant, hangedman_eye_storm,
          evilmike_abyss_exit_kraken, evilmike_abyss_rune_ettins,
          evilmike_abyss_exit_plants,
          evilmike_nicolae_abyss_rune_containment_curve,
          evilmike_nicolae_abyss_rune_containment_curve

Skill      XL: |  1  2  3  4  5  6  7  8  9 10 11 12 13 14 15 16 17 18 19 20 |
---------------+-------------------------------------------------------------+-----
Fighting       | 1 2 3 4 6 7 9 10 12 13 14 15 16 17 18 19 | 19.9
Spellcasting   | 3 4 5 6 7 8 9 10 11 12 13 14 15 | 15.5
Shields        | 1 2 3 4 5 6 8 9 10 11 | 11.0
Invocations    | 4 6 9 10 12 13 14 15 17 18 | 18.1
Evocations     | 3 6 7 8 |  8.0
Dodging        | 5 6 |  6.0
Stealth        | |  1.5

Action                   |  1- 3 |  4- 6 |  7- 9 | 10-12 | 13-15 | 16-18 | 19-21 || total
-------------------------+-------+-------+-------+-------+-------+-------+-------++-------
Melee: Mace              |       |       |       |     3 |       |       |       ||     3
       Staff             |       |       |       |       |    12 |     4 |     2 ||    18
 Fire: Sling             |    51 |    68 |   102 |   167 |    79 |    15 |       ||   482
 Cast: Sting             |    41 |    57 |    27 |       |       |       |       ||   125
       Poisonous Vapours |     5 |    18 |    38 |    46 |    32 |    23 |    25 ||   187
       Mephitic Cloud    |       |     4 |     6 |    20 |    32 |     5 |     2 ||    69
       Stone Arrow       |       |       |    53 |   205 |   479 |   860 |   784 ||  2381
       Olgreb's Toxic Ra |       |       |     3 |    26 |    50 |    49 |    17 ||   145
       Summon Cactus Gia |       |       |       |       |     8 |    28 |    10 ||    46
       Yara's Violent Un |       |       |       |       |       |     5 |     1 ||     6
       Ozocubu's Refrige |       |       |       |       |       |    34 |     8 ||    42
       Conjure Ball Ligh |       |       |       |       |       |       |    10 ||    10
       Blink             |       |       |       |       |       |       |     1 ||     1
Invok: Greater Servant o |       |       |       |       |       |     4 |     4 ||     8
Evoke: Wand              |       |       |       |     4 |       |     1 |     1 ||     6
       Lightning rod     |       |       |       |       |       |     4 |     4 ||     8
       Phantom mirror    |       |       |       |       |       |       |     1 ||     1
       Condenser vane    |       |       |       |       |       |       |     1 ||     1
  Use: Potion            |       |     3 |       |       |     3 |     3 |    20 ||    29
       Scroll            |       |     8 |     9 |     4 |     8 |    11 |    21 ||    61
 Stab: Distracted        |       |       |       |       |       |       |     1 ||     1
Armor: Robe              |     6 |    15 |    14 |    50 |   100 |   143 |   144 ||   472
Dodge: Dodged            |    35 |    66 |    66 |   114 |   151 |   235 |   213 ||   880
Block: Buckler           |       |    11 |    25 |    52 |    78 |   216 |       ||   382
       Reflection        |       |       |       |       |       |    79 |    96 ||   175
       Kite shield       |       |       |       |       |       |   100 |   471 ||   571

Table legend: (Time is in decaauts)
 A = Elapsed time spent in this place.
 B = Non-inter-level travel time spent in this place.
 C = Inter-level travel time spent in this place.
 D = Time resting spent in this place.
 E = Time spent auto-exploring this place.
 F = Levels seen in this place.
 G = Mean time per level.
                   A        B        C        D        E       F      G
               +--------+--------+--------+--------+--------+-----+--------+
         Total |  55201 |  52224 |   2977 |  13589 |  28939 |  36 | 1533.4 |
       Dungeon |  18489 |  17131 |   1358 |   3122 |  10914 |  15 | 1232.6 |
        Temple |    170 |    157 |     13 |      0 |    144 |   1 |  170.0 |
          Lair |   9524 |   8980 |    544 |   1330 |   6233 |   5 | 1904.8 |
        Shoals |   8558 |   8362 |    196 |   3283 |   3879 |   4 | 2139.5 |
     Snake Pit |  14576 |  13807 |    769 |   5082 |   6310 |   4 | 3644.0 |
  Orcish Mines |   1679 |   1584 |     95 |     78 |   1103 |   2 |  839.5 |
         Abyss |   1129 |   1129 |      0 |    456 |      0 |   3 |  376.3 |
       Volcano |    221 |    221 |      0 |      3 |     79 |   1 |  221.0 |
      Gauntlet |    851 |    851 |      0 |    235 |    277 |   1 |  851.0 |
               +--------+--------+--------+--------+--------+-----+--------+

Top non-repeatable levels by time:
 Snake:3: 4225 daAuts
  Lair:5: 4126 daAuts
 Snake:1: 3975 daAuts
 Snake:2: 3283 daAuts
 Snake:4: 3091 daAuts
Shoals:4: 3073 daAuts
    D:11: 2221 daAuts
Shoals:2: 1933 daAuts
    D:10: 1916 daAuts
Shoals:3: 1865 daAuts
     D:6: 1741 daAuts
Shoals:1: 1685 daAuts
    D:15: 1542 daAuts
     D:7: 1489 daAuts
  Lair:1: 1410 daAuts
